AoeStats
← Aslan

Arabia

509337809Analyzed
1v1 RM · 21d ago on Sep 26, 2026· 50m 34s· 2 players
Game mode
Random Map
Map size
Tiny (2 player)
Population
200
Speed
Normal
Resources
Standard
Victory
Conquest
Starting age
Dark Age
Ending age
Imperial Age
RankedLock teamsTeams togetherTeam positionsShared explorationLock speedFull tech treeHidden civsTurbo modeCheats
Victory
Defeat
🇹🇷 Franks · Türkiye
367
+18
vs
🇦🇹 Byzantines · Austria
416
-18
Aslan
6:58 Loom
9:31 Feudal Age
10:01 Double-Bit Axe
20:49 Castle Age
21:57 Bow Saw
22:24 Town Watch
24:19 Stone Mining
25:35 Husbandry
25:50 Forging
26:37 Wheelbarrow
27:08 Scale Mail Armor
31:21 Iron Casting
31:57 Hand Cart
32:33 Chain Mail Armor
38:15 Imperial Age
35:48 Fletching
37:12 Bodkin Arrow
37:18 Padded Archer Armor
38:10 Ordonnance Companies
39:17 Conscription
40:01 Blast Furnace
39:31 Plate Mail Armor
39:16 Gold Mining
39:45 Leather Archer Armor
40:37 Chemistry
40:04 Ballistics
39:19 Cranequins
40:24 Elite Throwing Axeman
41:51 Siege Engineers
41:56 Masonry
42:33 Gold Shaft Mining
43:18 Squires
43:04 Arson
43:05 Gambesons
44:54 Hoardings
44:21 Chivalry
43:46 Heavy Mounted Crossbowman
44:38 Scale Barding Armor
44:18 Capped Ram
48:20 Architecture
Psychedelic Acid Lord
7:27 Loom
12:06 Feudal Age
12:34 Horse Collar
13:07 Double-Bit Axe
18:39 Fletching
18:51 Scale Mail Armor
19:43 Forging
23:15 Castle Age
22:30 Stone Mining
24:34 Wheelbarrow
24:18 Squires
25:10 Heavy Plow
27:20 Bodkin Arrow
30:01 Bow Saw
31:10 Elite Skirmisher
39:02 Padded Archer Armor
41:48 Imperial Age
40:31 Gold Mining
42:26 Murder Holes
42:53 Ballistics
43:02 Treadmill Crane
43:56 Crop Rotation
44:45 Hand Cart
45:33 Conscription
46:22 Bracer
Connection lost

Rejoining the realm…

Still unreachable

The connection could not be restored.

Session expired

The server has moved on; the page needs a fresh start.